 Dungeon Crawl Stone Soup version 0.17.0-56-gd8de76c (webtiles) character file.

186 gorblad the Covert (level 5, 0/35 HPs)
             Began as an Octopode Assassin on Dec 5, 2015.
             Was an Initiate of Dithmenos.
             Slain by a jackal (2 damage)
             ... on level 3 of the Dungeon.
             The game lasted 00:05:36 (1957 turns).

gorblad the Covert (Octopode Assassin)              Turns: 1957, Time: 00:05:36

Health: 0/35       AC:  1    Str: 11    XL:     5   Next: 66%
Magic:  5/5        EV: 12    Int: 13    God:    Dithmenos [......]
Gold:   122        SH:  0    Dex: 14    Spells: 0 memorised, 4 levels left

rFire  . . .     SeeInvis .     a - +2 dagger
rCold  . . .     Clarity  .     (no shield)
rNeg   . . .     SustAt   .     (helmet restricted)
rPois  .         Gourm    .     (no amulet)
rElec  .         Spirit   .     (no ring)
rCorr  .         Warding  .     (no ring)
rMut   .         Stasis   .     (no ring)
MR     .....                    (no ring)
Stlth  +++++.....               (no ring)
                                (no ring)
                                (no ring)
                                (no ring)

@: not resistant to hostile enchantments, quite stealthy
A: almost no armour, amphibious, 8 rings, constrict 8, camouflage 1, gelatinous
body 1
a: Renounce Religion


You were on level 3 of the Dungeon.
You worshipped Dithmenos.
Dithmenos was noncommittal.
You were not hungry.

You visited 1 branch of the dungeon, and saw 3 of its levels.

You collected 122 gold pieces.

Inventory:

Hand Weapons
 a - a +2 dagger (weapon)
 b - a +0 blowgun
Missiles
 c - 8 poisoned needles
 d - 2 curare-tipped needles
 m - 8 needles of slowing
 n - 6 silver tomahawks (quivered)
Scrolls
 f - 2 scrolls of fear
 h - a scroll of fog {unknown}
 l - a scroll of remove curse
Potions
 j - a potion of flight
Comestibles
 e - 4 bread rations
 g - 3 chunks of flesh
 i - 2 meat rations


   Skills:
 + Level 2.5 Fighting
 + Level 2.6 Short Blades
 + Level 2.0 Throwing
 + Level 2.0 Dodging
 + Level 8.2 Stealth


You had 4 spell levels left.
You didn't know any spells.

Dungeon Overview and Level Annotations

Branches:
Dungeon (3/15)

Altars:
Dithmenos
Nemelex Xobeh


Innate Abilities, Weirdness & Mutations

You cannot wear most types of armour.
You are amphibious.
You can wear up to eight rings at the same time.
You can use your tentacles to constrict eight enemies at once.
Your skin changes colour to match your surroundings (Stealth).
Your rubbery body absorbs attacks (AC +1).


Message History

The jackal bites you but does no damage.
You barely miss the jackal. You grab the jackal. You constrict the jackal.
The jackal barely misses you. The jackal bites you.
* * * LOW HITPOINT WARNING * * *
The jackal bites you but does no damage.
The jackal barely misses you.
You hit the jackal.
You kill the jackal!
Dithmenos accepts your kill. The jackal misses you.
The jackal barely misses you. The jackal barely misses you.
You closely miss the jackal. Your grab misses the jackal.
The jackal is heavily wounded.
The jackal bites you.
* * * LOW HITPOINT WARNING * * *
The jackal bites you but does no damage.
You barely miss the jackal. You grab the jackal.
The jackal is heavily wounded.
You constrict the jackal. The jackal barely misses you. The jackal bites you.
You die...

#..#.#####.###...........###..
#....###...###...............#
#........#..................##
#........#....................
#........#........##..#.#....#
#.......##........###.#+#.##.#
#.......##........#...........
#.................#.....)#####
#............@....#...........
#...........h†h...#...........
########..........#....>......
#...#...#########.....(
#####..................
#.............#####
#.............#
#.........(...# #............


You could see 2 jackals.

Vanquished Creatures
  An ogre (D:3)
  4 adders
  2 worms (D:2)
  6 giant cockroaches
  11 hobgoblins
  2 jackals (D:3)
  4 ball pythons (D:2)
  3 bats
  3 giant geckos
  A giant newt (D:2)
  10 goblins
  7 kobolds
  6 rats
60 creatures vanquished.

Notes
Turn   | Place    | Note
--------------------------------------------------------------
     0 | D:1      | gorblad the Octopode Assassin began the quest for the Orb.
     0 | D:1      | Reached XP level 1. HP: 14/14 MP: 1/1
   146 | D:1      | Reached XP level 2. HP: 12/19 MP: 2/2
   371 | D:1      | Reached skill level 6 in Stealth
   809 | D:2      | Reached XP level 3. HP: 24/24 MP: 3/3
  1152 | D:2      | Reached skill level 7 in Stealth
  1152 | D:2      | Reached XP level 4. HP: 27/29 MP: 4/4
  1638 | D:3      | Noticed an ogre
  1655 | D:3      | Killed an ogre
  1655 | D:3      | Reached skill level 8 in Stealth
  1655 | D:3      | Reached XP level 5. HP: 15/35 MP: 5/5
  1757 | D:3      | Found a sparkling altar of Nemelex Xobeh.
  1804 | D:3      | Found a shadowy altar of Dithmenos.
  1828 | D:3      | Became a worshipper of Dithmenos the Shadowed
  1957 | D:3      | Slain by a jackal

Action                   |  1- 3 |  4- 6 || total
-------------------------+-------+-------++-------
Melee: Dagger            |    76 |    56 ||   132
  Use: Scroll            |     3 |     2 ||     5
       Potion            |       |     2 ||     2
 Stab: Sleeping          |    19 |     4 ||    23
       Distracted        |     1 |     1 ||     2
  Eat: Chunk             |     1 |     2 ||     3
